PL
NEW ORLEANS VOODOO @ NORTHERN VIRGINIA RAINBOW MERMAIDS
06/08/2038
 
TOP OF THE 1ST
New Orleans Voodoo batting - Pitching for Northern Virginia Rainbow Mermaids : RHP Miguel Rubia
Pitching: RHP Miguel Rubia
Batting: RHB Guy Toussaint 0-0: Ball
1-0: Ball
2-0: Swinging Strike
2-1: Foul Ball, location: 2F
2-2: Strikes out swinging
Batting: LHB Weston Doyle 0-0: Ground out 4-3 (Groundball, 4, EV 83.1 MPH)
Batting: RHB Colm Goodwill 0-0: Ball
1-0: Ball
2-0: Called Strike
2-1: Ground out 4-3 (Groundball, 4MS, EV 86.9 MPH)
Top of the 1st over - 0 runs, 0 hits, 0 errors, 0 left on base; New Orleans 0 - Northern Virginia 0
BOTTOM OF THE 1ST
Northern Virginia Rainbow Mermaids batting - Pitching for New Orleans Voodoo : RHP Gary Ashley
Pitching: RHP Gary Ashley
Batting: LHB Craig Morgan 0-0: Swinging Strike
0-1: Swinging Strike
0-2: Fly out, F9 (Flyball, 9S, EV 91.2 MPH)
Batting: RHB Mario Castillo 0-0: Called Strike
0-1: Called Strike
0-2: Ball
1-2: Foul Ball, location: 2F
1-2: Ball
2-2: Strikes out swinging
Batting: LHB Ryder Ringor 0-0: SINGLE (Groundball, 34D, EV 99.4 MPH)
Batting: LHB Tural Bishara 0-0: Foul Ball, location: 2F
0-1: Foul Ball, location: 2F
0-2: Strikes out looking
Bottom of the 1st over - 0 runs, 1 hit, 0 errors, 1 left on base; New Orleans 0 - Northern Virginia 0
TOP OF THE 2ND
New Orleans Voodoo batting - Pitching for Northern Virginia Rainbow Mermaids : RHP Miguel Rubia
Batting: LHB Jorge Alejándrez 0-0: Called Strike
0-1: Ball
1-1: DOUBLE (Line Drive, 9LD, EV 101.2 MPH)
Batting: RHB Griffin Woodfinlevine 0-0: Swinging Strike
0-1: Fly out, F9 (Flyball, 89S, EV 97.5 MPH)
Batting: RHB Gilberto Juárez 0-0: Foul Ball, location: 2F
0-1: Called Strike
0-2: Ball
1-2: SINGLE (Line Drive, 4D, EV 102.5 MPH)
Jorge Alejándrez to third
Batting: RHB Shimei Miura 0-0: Ball
Gilberto Juárez steals 2nd base
1-0: Called Strike
1-1: Fly out, F8 (Line Drive, 8RD, EV 98.1 MPH)
Runner from 3rd tags up, SCORES, no throw by CF
Batting: SHB Vicente Romero 0-0: Foul Ball, location: 2F
0-1: Fly out, F9 (Line Drive, 89M, EV 87.5 MPH)
Top of the 2nd over - 1 run, 2 hits, 0 errors, 1 left on base; New Orleans 1 - Northern Virginia 0
BOTTOM OF THE 2ND
Northern Virginia Rainbow Mermaids batting - Pitching for New Orleans Voodoo : RHP Gary Ashley
Batting: LHB Jason Schneider 0-0: Ball
1-0: Fly out, F8 (Flyball, 8LD, EV 108.8 MPH)
Batting: RHB Phil McCroskey 0-0: Called Strike
0-1: SINGLE (Groundball, 34D, EV 105.0 MPH)
Batting: LHB Tim Stinson 0-0: Called Strike
Phil McCroskey is caught stealing 2nd base 2-6
0-1: Swinging Strike
0-2: Ball
1-2: Ball
2-2: Ball
3-2: Foul Ball, location: 2F
3-2: Foul Ball, location: 2F
3-2: Fly out, F7 (Flyball, 8LM, EV 84.4 MPH)
Bottom of the 2nd over - 0 runs, 1 hit, 0 errors, 0 left on base; New Orleans 1 - Northern Virginia 0
TOP OF THE 3RD
New Orleans Voodoo batting - Pitching for Northern Virginia Rainbow Mermaids : RHP Miguel Rubia
Batting: RHB John Clark 0-0: Ball
1-0: Ball
2-0: Foul Ball, location: 2F
2-1: Swinging Strike
2-2: Foul Ball, location: 2F
2-2: Fly out, F8 (Flyball, 8RS, EV 92.5 MPH)
Batting: RHB Guy Toussaint 0-0: Ball
1-0: Ground out 4-3 (Groundball, 4, EV 81.9 MPH)
Batting: LHB Weston Doyle 0-0: Ball
1-0: Called Strike
1-1: Ground out 4-3 (Groundball, 4M, EV 77.5 MPH)
Top of the 3rd over - 0 runs, 0 hits, 0 errors, 0 left on base; New Orleans 1 - Northern Virginia 0
BOTTOM OF THE 3RD
Northern Virginia Rainbow Mermaids batting - Pitching for New Orleans Voodoo : RHP Gary Ashley
Batting: RHB Jesús Vargas 0-0: Ball
1-0: Foul Ball, location: 2F
1-1: SINGLE (Line Drive, 6D, EV 108.1 MPH)
Batting: RHB Tony Calhoun 0-0: Called Strike
0-1: Ball
1-1: Foul Ball, location: 2F
1-2: Strikes out swinging
Batting: LHB Craig Morgan 0-0: Ball
1-0: Foul Ball, location: 2F
1-1: Ball
2-1: Ball
3-1: Called Strike
3-2: SINGLE (Flyball, 7S, EV 84.4 MPH)
Jesús Vargas to second
Batting: RHB Mario Castillo 0-0: Called Strike
0-1: Ball
1-1: Ball
2-1: Fly out, F4 (Popup, 4D, EV 54.4 MPH)
Batting: LHB Ryder Ringor 0-0: Foul Ball, location: 2F
0-1: Ball
1-1: Swinging Strike
1-2: Strikes out swinging
Bottom of the 3rd over - 0 runs, 2 hits, 0 errors, 2 left on base; New Orleans 1 - Northern Virginia 0
TOP OF THE 4TH
New Orleans Voodoo batting - Pitching for Northern Virginia Rainbow Mermaids : RHP Miguel Rubia
Batting: RHB Colm Goodwill 0-0: Swinging Strike
0-1: Swinging Strike
0-2: Strikes out swinging
Batting: LHB Jorge Alejándrez 0-0: Called Strike
0-1: Ground out 6-3 (Groundball, 6, EV 86.9 MPH)
Batting: RHB Griffin Woodfinlevine 0-0: Swinging Strike
0-1: Ball
1-1: Ball
2-1: Foul Ball, location: 2F
2-2: DOUBLE (Groundball, 5L, EV 101.2 MPH)
Batting: RHB Gilberto Juárez 0-0: Fly out, F7 (Flyball, 7S, EV 89.4 MPH)
Top of the 4th over - 0 runs, 1 hit, 0 errors, 1 left on base; New Orleans 1 - Northern Virginia 0
BOTTOM OF THE 4TH
Northern Virginia Rainbow Mermaids batting - Pitching for New Orleans Voodoo : RHP Gary Ashley
Batting: LHB Tural Bishara 0-0: SINGLE (Flyball, 8RS, EV 85.0 MPH)
Batting: LHB Jason Schneider 0-0: Ball
1-0: Called Strike
1-1: Ball
2-1: Ball
3-1: Grounds into double play, 4-6-3 (Groundball, 34, EV 83.8 MPH)
Batting: RHB Phil McCroskey 0-0: Called Strike
0-1: DOUBLE (Line Drive, 7LM, EV 104.4 MPH)
Batting: LHB Tim Stinson 0-0: Ball
1-0: Ground out 6-3 (Groundball, 6S, EV 88.8 MPH)
Bottom of the 4th over - 0 runs, 2 hits, 0 errors, 1 left on base; New Orleans 1 - Northern Virginia 0
TOP OF THE 5TH
New Orleans Voodoo batting - Pitching for Northern Virginia Rainbow Mermaids : RHP Miguel Rubia
Batting: RHB Shimei Miura 0-0: Foul Ball, location: 2F
0-1: Swinging Strike
0-2: Strikes out swinging
Batting: SHB Vicente Romero 0-0: Ball
1-0: Called Strike
1-1: Foul Ball, location: 2F
1-2: Reached on error, E4 (Groundball, 4, EV 106.2 MPH)
Batting: RHB John Clark 0-0: Ball
1-0: Ball
2-0: Grounds into double play, 6-4-3 (Groundball, 6M, EV 81.2 MPH)
Top of the 5th over - 0 runs, 0 hits, 1 error, 0 left on base; New Orleans 1 - Northern Virginia 0
BOTTOM OF THE 5TH
Northern Virginia Rainbow Mermaids batting - Pitching for New Orleans Voodoo : RHP Gary Ashley
Batting: RHB Jesús Vargas 0-0: Swinging Strike
0-1: Called Strike
0-2: Ball
1-2: Strikes out swinging
Batting: RHB Tony Calhoun 0-0: Ground out 4-3 (Groundball, 4, EV 104.4 MPH)
Batting: LHB Craig Morgan 0-0: Ball
1-0: Ball
2-0: Foul Ball, location: 2F
2-1: Swinging Strike
2-2: Ball
3-2: Base on Balls
Batting: RHB Mario Castillo 0-0: Called Strike
0-1: Ball
1-1: Called Strike
1-2: Strikes out looking
Bottom of the 5th over - 0 runs, 0 hits, 0 errors, 1 left on base; New Orleans 1 - Northern Virginia 0
TOP OF THE 6TH
New Orleans Voodoo batting - Pitching for Northern Virginia Rainbow Mermaids : RHP Miguel Rubia
Batting: RHB Guy Toussaint 0-0: Foul Ball, location: 2F
0-1: Ball
1-1: SINGLE (Line Drive, 4D, EV 96.2 MPH)
Batting: LHB Weston Doyle 0-0: Ball
1-0: Fielders Choice at 2nd, 6-4 (Groundball, 6, EV 99.4 MPH)
Batting: RHB Colm Goodwill 0-0: Ball
Weston Doyle steals 2nd base
1-0: Called Strike
1-1: Ball
2-1: Foul Ball, location: 2F
2-2: Foul Ball, location: 2F
2-2: Ball
3-2: Base on Balls
Batting: LHB Jorge Alejándrez 0-0: SINGLE (Groundball, 4, EV 104.4 MPH) (infield hit)
Weston Doyle to third
Colm Goodwill to second
Batting: RHB Griffin Woodfinlevine 0-0: Foul Ball, location: 2F
0-1: Swinging Strike
0-2: Ball
1-2: Ball
2-2: Strikes out swinging
Batting: RHB Gilberto Juárez 0-0: Fielders Choice at 2nd, 6-4 (Groundball, 6, EV 82.5 MPH)
Top of the 6th over - 0 runs, 2 hits, 0 errors, 3 left on base; New Orleans 1 - Northern Virginia 0
BOTTOM OF THE 6TH
Northern Virginia Rainbow Mermaids batting - Pitching for New Orleans Voodoo : RHP Gary Ashley
Batting: LHB Ryder Ringor 0-0: Ball
1-0: Foul Ball, location: 2F
1-1: Fly out, F8 (Flyball, 89M, EV 93.1 MPH)
Batting: LHB Tural Bishara 0-0: Called Strike
0-1: Foul Ball, location: 2F
0-2: Hit by Pitch
Batting: LHB Jason Schneider 0-0: Called Strike
0-1: Foul Ball, location: 2F
0-2: Foul Ball, location: 2F
0-2: Ball
1-2: Strikes out looking
Batting: RHB Phil McCroskey 0-0: Ball
1-0: Swinging Strike
1-1: Called Strike
1-2: Fly out, F9 (Flyball, 9LMF, EV 83.8 MPH)
Bottom of the 6th over - 0 runs, 0 hits, 0 errors, 1 left on base; New Orleans 1 - Northern Virginia 0
TOP OF THE 7TH
New Orleans Voodoo batting - Pitching for Northern Virginia Rainbow Mermaids : RHP Miguel Rubia
Batting: RHB Shimei Miura 0-0: Ball
1-0: Foul Ball, location: 2F
1-1: Swinging Strike
1-2: Foul Ball, location: 2F
1-2: Ball
2-2: Foul Ball, location: 2F
2-2: Strikes out swinging
Batting: SHB Vicente Romero 0-0: Ball
1-0: Ball
2-0: Ball
3-0: Called Strike
3-1: Swinging Strike
3-2: Ground out 4-3 (Groundball, 34, EV 76.2 MPH)
Batting: RHB John Clark 0-0: Ball
1-0: Called Strike
1-1: Swinging Strike
1-2: Foul Ball, location: 2F
1-2: Foul Ball, location: 2F
1-2: Strikes out swinging
Top of the 7th over - 0 runs, 0 hits, 0 errors, 0 left on base; New Orleans 1 - Northern Virginia 0
BOTTOM OF THE 7TH
Northern Virginia Rainbow Mermaids batting - Pitching for New Orleans Voodoo : RHP Gary Ashley
Batting: LHB Tim Stinson 0-0: Ground out 3-1 (Groundball, 34, EV 88.1 MPH)
Batting: RHB Jesús Vargas 0-0: Ball
1-0: SINGLE (Groundball, 56D, EV 102.5 MPH)
Batting: RHB Tony Calhoun 0-0: Called Strike
0-1: SINGLE (Groundball, 34D, EV 95.6 MPH)
Jesús Vargas to second
Runner from 2nd tries for 3rd, SAFE, throw by RF made to third
Batting: LHB Craig Morgan 0-0: Ball
1-0: Called Strike
1-1: Swinging Strike
1-2: Foul Ball, location: 2F
1-2: Ball
2-2: SINGLE (Groundball, 4MD, EV 101.2 MPH)
Jesús Vargas scores
Tony Calhoun to second
Tony Calhoun to third
Pitching: LHP Sicnarf Loopstok
Batting: RHB Mario Castillo 0-0: Called Strike
0-1: Swinging Strike
0-2: Ball
1-2: Strikes out swinging
Batting: LHB Ryder Ringor 0-0: SINGLE (Groundball, 6MD, EV 111.2 MPH)
Tony Calhoun scores
Craig Morgan to second
Batting: LHB Tural Bishara 0-0: Called Strike
0-1: Ball
1-1: Ball
2-1: Swinging Strike
2-2: Foul Ball, location: 2F
2-2: Ball
3-2: Strikes out swinging
Bottom of the 7th over - 2 runs, 4 hits, 0 errors, 2 left on base; New Orleans 1 - Northern Virginia 2
TOP OF THE 8TH
New Orleans Voodoo batting - Pitching for Northern Virginia Rainbow Mermaids : RHP Miguel Rubia
Batting: RHB Guy Toussaint 0-0: Called Strike
0-1: SOLO HOME RUN (Flyball, 7LD, EV 101.2 MPH), Distance : 345 ft
Batting: LHB Weston Doyle 0-0: Ball
1-0: Called Strike
1-1: Swinging Strike
1-2: Ball
2-2: Foul Ball, location: 2F
2-2: SINGLE (Line Drive, 34D, EV 97.5 MPH)
Pitching: RHP Yoriyoshi Sugimoto
Batting: RHB Colm Goodwill 0-0: Ball
1-0: Called Strike
1-1: Ball
2-1: Foul Ball, location: 2F
2-2: SINGLE (Groundball, 6D, EV 102.5 MPH)
Weston Doyle to second
Batting: LHB Jorge Alejándrez 0-0: Ball
1-0: Ball
2-0: Fielders Choice at 2nd, 1-6 (Groundball, 34S, EV 89.4 MPH)
Weston Doyle to third
Batting: RHB Griffin Woodfinlevine 0-0: Ball
1-0: Swinging Strike
1-1: Fly out, F7 (Flyball, 78S, EV 95.0 MPH)
Batting: RHB Gilberto Juárez 0-0: Ball
1-0: SINGLE (Groundball, 6MD, EV 97.5 MPH)
Weston Doyle scores
Jorge Alejándrez to second
Batting: RHB Shimei Miura 0-0: Fly out, F9 (Flyball, 9S, EV 85.6 MPH)
Top of the 8th over - 2 runs, 4 hits, 0 errors, 2 left on base; New Orleans 3 - Northern Virginia 2
BOTTOM OF THE 8TH
Northern Virginia Rainbow Mermaids batting - Pitching for New Orleans Voodoo : LHP Sicnarf Loopstok
Pitching: RHP Jorge Villanueva
Batting: LHB Jason Schneider 0-0: Swinging Strike
0-1: Called Strike
0-2: Strikes out swinging
Batting: RHB Phil McCroskey 0-0: Ball
1-0: Swinging Strike
1-1: Called Strike
1-2: Ball
2-2: Foul Ball, location: 2F
2-2: Foul Ball, location: 2F
2-2: Ball
3-2: Foul Ball, location: 2F
3-2: Strikes out swinging
Batting: LHB Tim Stinson 0-0: Called Strike
0-1: Ball
1-1: Called Strike
1-2: Foul Ball, location: 2F
1-2: Ball
2-2: Strikes out looking
Bottom of the 8th over - 0 runs, 0 hits, 0 errors, 0 left on base; New Orleans 3 - Northern Virginia 2
TOP OF THE 9TH
New Orleans Voodoo batting - Pitching for Northern Virginia Rainbow Mermaids : RHP Yoriyoshi Sugimoto
Batting: SHB Vicente Romero 0-0: Called Strike
0-1: Fly out, F9 (Line Drive, 9D, EV 103.1 MPH)
Batting: RHB John Clark 0-0: Ball
1-0: Ground out 6-3 (Groundball, 6, EV 100.0 MPH)
Batting: RHB Guy Toussaint 0-0: Ground out 5-3 (Groundball, 56S, EV 82.5 MPH)
Top of the 9th over - 0 runs, 0 hits, 0 errors, 0 left on base; New Orleans 3 - Northern Virginia 2
BOTTOM OF THE 9TH
Northern Virginia Rainbow Mermaids batting - Pitching for New Orleans Voodoo : RHP Jorge Villanueva
Now at 3B: Luis García
Batting: RHB Jesús Vargas 0-0: Ball
1-0: Ball
2-0: Ground out 5-3 (Groundball, 56, EV 90.6 MPH)
Batting: RHB Tony Calhoun 0-0: SINGLE (Line Drive, 78M, EV 100.0 MPH)
Batting: LHB Craig Morgan 0-0: Called Strike
Tony Calhoun steals 2nd base
0-1: Fly out, F9 (Line Drive, 9, EV 88.1 MPH)
Runner from 2nd tags up, SAFE at 3rd with throw by RF
Batting: RHB Mario Castillo 0-0: Called Strike
0-1: Ball
1-1: Ball
2-1: Foul Ball, location: 2F
2-2: Foul Ball, location: 2F
2-2: Foul Ball, location: 2F
2-2: Ball
3-2: Foul Ball, location: 2F
3-2: SINGLE (Line Drive, 4D, EV 99.4 MPH)
Tony Calhoun scores
Batting: LHB Ryder Ringor 0-0: Ball
Wild Pitch!
Mario Castillo to second
1-0: Ball
Wild Pitch!
Mario Castillo to third
2-0: SINGLE (Line Drive, 89S, EV 114.4 MPH)
Mario Castillo scores
Friday, April 17th, 2020 - OOTP Baseball 20.8 Build 74